 Dungeon Crawl Stone Soup version 0.28.0-53-g5a82cb258f (webtiles) character file.

Game seed: 5699399178332132375

649 Stomo the Skirmisher (level 7, -5/71 HPs)
             Began as a Troll Fighter on July 9, 2022.
             Slain by a wraith (13 damage)
             ... in an ossuary.
             The game lasted 00:03:33 (2639 turns).

Stomo the Skirmisher (Troll Fighter)                Turns: 2639, Time: 00:03:33

Health: -5/71      AC:  4    Str: 27    XL:     7   Next: 28%
Magic:  6/6        EV: 10    Int:  4    God:
Gold:   204        SH:  0    Dex:  9    Spells: 6/6 levels left

rFire   . . .      SeeInvis .   n - +0 giant spiked club
rCold   . . .      Faith    .   (shield currently unavailable)
rNeg    . . .      Spirit   .   b - +0 robe
rPois   .          Reflect  .   (helmet restricted)
rElec   .          Harm     .   (no cloak)
rCorr   .          Rampage  .   (gloves unavailable)
Will    .....                   (boots unavailable)
Stlth   +.........              (no amulet)
HPRegen 1.01/turn               (no ring)
MPRegen 0.10/turn               (no ring)

@: slowed, very slow
A: large, unfitting armour, claws 3, regeneration 1, shaggy fur 1, tough skin 1
a: no special abilities


You were in an ossuary.
You visited 1 branch of the dungeon, and saw 4 of its levels.
You also visited: Ossuary.

You collected 204 gold pieces.

Inventory:

Hand Weapons
 a - a +0 flail
 n - a +0 giant spiked club (weapon)
Armour
 b - a +0 robe (worn)
 c - a +0 kite shield
Wands
 j - a wand of acid (12)
 m - a wand of digging (5)
Scrolls
 f - 2 scrolls of teleportation {unknown}
 i - 2 scrolls of noise {unknown}
 l - a scroll of holy word {unknown}
 o - a scroll of amnesia {unknown}
 q - a scroll of enchant weapon {unknown}
Potions
 d - a potion of might
 e - a potion of curing {unknown}
 g - 2 potions of attraction {unknown}
 h - 2 potions of resistance {unknown}
 k - a potion of heal wounds {unknown}
 p - a potion of degeneration {unknown}


   Skills:
 + Level 4.4 Fighting
 + Level 4.3 Maces & Flails
 + Level 4.4 Dodging
 - Level 2.8 Shields


You had 6 spell levels left.
You didn't know any spells.
Your spell library was empty.

Dungeon Overview and Level Annotations

Branches:
Dungeon (4/15)            Ossuary (1/1)
 Temple: D:4-7

Altars:
Hepliaklqana
Nemelex Xobeh


Innate Abilities, Weirdness & Mutations

You are too large for most types of armour.
You have claws for hands.
Your natural rate of healing is unusually fast.
You are covered in fur. (AC +1)
You have tough skin. (AC +1)


Message History

The wraith hits you. The wraith drains your vigour!
You feel as though you will be slow longer.
The wraith barely misses you. The wraith completely misses you.
You barely miss the wraith.
The wraith is lightly damaged.
The wraith closely misses you. The wraith hits you!
The wraith drains your vigour!
You feel as though you will be slow longer.
You are too injured to fight recklessly!
You are too injured to fight recklessly!
You are too injured to fight recklessly!
You are too injured to fight recklessly!
You are too injured to fight recklessly!
You are too injured to fight recklessly!
You are too injured to fight recklessly!
You are too injured to fight recklessly!
You are too injured to fight recklessly!
You are too injured to fight recklessly!
You are too injured to fight recklessly!
Unknown command.
You closely miss the wraith.
The wraith is lightly damaged.
The wraith hits you. The wraith hits you!
* * * LOW HITPOINT WARNING * * *
The wraith drains your vigour!
You feel as though you will be slow longer.
You barely miss the wraith.
The wraith is lightly damaged.
The wraith hits you!
* * * LOW HITPOINT WARNING * * *
The wraith completely misses you. The wraith hits you but does no damage.
Unknown command.
Unknown command.
The wraith hits you!
* * * LOW HITPOINT WARNING * * *
The wraith drains your vigour!
You feel as though you will be slow longer.
The wraith closely misses you. The wraith hits you!
You die...

..................∩.#
..#####'#####.......#
##.........##......#
#...#####...##.....#
#...##...##...##....#
...##.???.##...#....#
.. #.?.?.?.#...+....#
. ##.??!.##...#....#
. .##...##W@.##....#
#...##'##...##.....#
#.........##......#
.#####+#####.......#
.................∩.#
...................#
####'''############
#...#### +...'..#


You could see a wraith.

Vanquished Creatures
  Pargi (D:3)
  A black bear (D:4)
  2 ogres
  An elf skeleton (D:4)
  A bullfrog zombie (D:3)
  Ijyb (D:3)
  A human zombie (D:4)
  A human skeleton (D:4)
  A mummy (Ossuary)
  A howler monkey skeleton (D:4)
  3 adders (D:2)
  3 gnolls (D:3)
  A dart slug (D:3)
  2 endoplasms
  4 giant cockroaches
  2 goblins (D:2)
  4 hobgoblins
  4 ball pythons
  6 bats
  A frilled lizard (D:2)
  A gnoll skeleton (Ossuary)
  13 kobolds
  8 kobold skeletons (Ossuary)
  10 orc skeletons
  4 rats
77 creatures vanquished.

Vanquished Creatures (others)
  3 toadstools (D:2)
3 creatures vanquished.

Grand Total: 80 creatures vanquished

Notes
Turn   | Place    | Note
-------+----------+-------------------------------------------
     0 | D:1      | Stomo the Troll Fighter began the quest for the Orb.
     0 | D:1      | Reached XP level 1. HP: 22/22 MP: 0/0
   169 | D:1      | Reached XP level 2. HP: 29/29 MP: 1/1
   752 | D:2      | Reached XP level 3. HP: 36/36 MP: 2/2
   850 | D:2      | Found a sparkling altar of Nemelex Xobeh.
  1492 | D:3      | Noticed Pargi
  1542 | D:3      | Killed Pargi
  1543 | D:3      | Reached XP level 4. HP: 26/45 MP: 3/3
  1543 | D:3      | Reached XP level 5. HP: 30/53 MP: 4/4
  1712 | D:3      | Noticed Ijyb
  1728 | D:3      | Killed Ijyb
  1766 | D:3      | Found a faded altar of an unknown god.
  2111 | D:4      | Noticed a black bear
  2111 | D:4      | Noticed an ogre
  2123 | D:3      | Killed an ogre
  2124 | D:3      | Reached XP level 6. HP: 51/62 MP: 5/5
  2146 | D:4      | Found a hazy altar of Hepliaklqana.
  2391 | D:4      | Reached XP level 7. HP: 28/70 MP: 6/6
  2499 | D:4      | Found a sand-covered staircase.
  2513 | Ossuary  | Entered an ossuary
  2513 | Ossuary  | Noticed a wraith
  2513 | Ossuary  | Noticed a wraith
  2513 | Ossuary  | Noticed a wraith
  2612 | Ossuary  | Noticed a wraith
  2639 | Ossuary  | Slain by a wraith

Illustrated notes

Levels and vault maps discovered:
D:1:      minmay_arrival_five_plusses, layout_loops_ring, supply_closet_lemuel,
          minivault_27, hangedman_decor_points
D:2:      layout_loops_ring, basic_altar, minmay_gold_behind_fungi,
          grunt_decor_cap
D:3:      layout_basic, chequers_ecumenical_altar_simple, uniq_ijyb, uniq_pargi
D:4:      layout_basic, kennysheep_mini, nicolae_ossuary_entry_catacombs,
          minivault_4, minmay_crystal_room
Ossuary:  ossuary_due_mausoleum

Skill      XL: |  1  2  3  4  5  6 |
---------------+-------------------+-----
Maces & Flails | 2 3 4 |  4.3
Fighting       | 3 4 |  4.4
Dodging        | 3 4 |  4.4
Shields        | |  2.8

Action                   |  1- 3 |  4- 6 |  7- 9 || total
-------------------------+-------+-------+-------++-------
Melee: Flail             |   134 |    55 |       ||   189
       Giant spiked club |       |    12 |    61 ||    73
  Use: Scroll            |     1 |       |       ||     1
 Stab: Sleeping          |     2 |       |       ||     2
Armor: Robe              |    81 |    13 |    36 ||   130
Dodge: Dodged            |    74 |    28 |    60 ||   162
Block: Kite shield       |    66 |    33 |       ||    99
